Map: Orbital Shipyard

Players

dodupyzaur

  • Race: Terran Terran
  • League: Platinum

Umarlak - Winner!

  • Race: Protoss Protoss
  • League: Platinum

VOD

Have the link to the VOD?

Description

Time

  • Played on: Feb. 25, 2016, 7:21 a.m.
  • Length: 10:24
Show
View Real Time Build Order
Export as new Build Order

dodupyzaur Terran 

Build Orders: MMM Bio 

Get SALT Encoding   

  12  0:01  SCV  
  13  0:13  SCV  
  14  0:19  Supply Depot  
  14  0:25  SCV  
  15  0:40  SCV  
  16  0:45  Barracks  
  16  0:51  Refinery  
  16  0:52  SCV  
  17  1:05  SCV  
  18  1:17  SCV  
  20  1:35  Orbital Command  
  20  1:39  Reaper  
  20  2:02  SCV  
  20  2:04  Command Center  
  21  2:12  Engineering Bay  
  21  2:18  SCV  
  21  2:21  Barracks Tech Lab  
  21  2:30  SCV  
  21  2:32  Supply Depot  
  22  2:37  Factory  
  22  2:42  SCV  
  23  2:54  Marauder  
  23  2:55  SCV  
  26  3:04  Concussive Shells  
  26  3:07  SCV  
  27  3:17  Command Center  
  27  3:19  SCV  
  28  3:22  Marine  
  29  3:37  SCV  
  29  3:38  SCV  
  29  3:39  Marine  
  31  3:47  Barracks  
  31  3:49  Barracks  
  31  3:50  Orbital Command  
  31  3:52  Widow Mine  
  33  4:00  SCV  
  33  4:01  Marauder  
  36  4:12  SCV  
  36  4:15  Stimpack, Refinery  
  36  4:16  SCV  
  38  4:21  Widow Mine  
  38  4:22  Marauder  
  38  4:24  SCV  
  43  4:28  SCV  
  44  4:34  Engineering Bay  
  44  4:36  Barracks Tech Lab, SCV  
  44  4:38  Marine  
  46  4:40  SCV  
  46  4:43  Marine  
  48  4:48  SCV  
  48  4:50  Orbital Command  
  49  4:53  SCV  
  49  4:56  Marine  
  49  4:57  Widow Mine  
  53  5:00  SCV  
  53  5:01  Starport, Marine x2  
  53  5:05  Refinery, SCV  
  57  5:12  SCV  
  58  5:17  SCV  
  59  5:22  Combat Shields  
  59  5:24  SCV  
  58  5:28  Marine x2  
  58  5:29  SCV  
  61  5:42  Supply Depot  
  61  5:43  Marine  
  61  5:44  Medivac, SCV x3  
  61  5:46  Marine  
  68  5:56  SCV  
  69  6:04  SCV x2  
  69  6:08  SCV  
  70  6:15  Marine  
  70  6:16  Marauder x2, SCV  
  70  6:17  SCV  
  77  6:38  Terran Infantry Weapons Level 1  
  77  6:42  Barracks  
  77  6:43  Marine, SCV x3, Marauder x2, Barracks  
  77  6:44  Factory Tech Lab, Supply Depot, Barracks  
  85  6:47  Starport  
  85  6:49  Command Center, Starport Reactor  
  85  6:50  Refinery  
  85  7:00  Missile Turret  
  85  7:02  Bunker  
  85  7:05  Marine x3, SCV x3  
  85  7:07  Supply Depot  
  89  7:08  Supply Depot  
  89  7:18  SCV x3  
  83  7:23  Marine x3  
  78  7:30  SCV  
  78  7:32  Supply Depot  
  78  7:34  Barracks Tech Lab  
  78  7:35  Barracks Reactor  
  78  7:36  Barracks Tech Lab  
  77  7:40  Barracks  
  77  7:41  Marine x3  
  75  7:52  Marine  
  75  7:54  Marauder  
  75  7:56  SCV x2  
  80  7:59  Marine x3  
  80  8:01  Planetary Fortress  
  80  8:04  Siege Tank  
  80  8:05  Medivac x2  
  88  8:08  SCV x2  
  88  8:10  Marine  
  92  8:12  Starport Tech Lab  
  92  8:14  Marine x2  
  92  8:15  Marauder  
  92  8:16  Marine x3  
  99  8:23  Missile Turret  
  99  8:27  Marine  
  99  8:32  Marine x2  
  102  8:34  Marine x3  
  102  8:36  Missile Turret  
  102  8:37  Marauder  
  102  8:39  Bunker  
  105  8:45  Marine  
  92  8:49  Marine  
  92  8:50  Marine  
  92  8:52  Marine x3  
  94  8:58  Marine, Barracks  
  94  8:59  SCV  
  94  9:00  SCV  
  94  9:02  Barracks  
  92  9:03  Marine  
  92  9:07  Marine x2  
  92  9:10  Marine, Marauder x2  
  92  9:16  Marauder  
  99  9:21  Marauder  
  95  9:25  Marine x2  
  95  9:28  Marine  
  96  9:32  Marauder x2  
  96  9:37  Marauder  
  96  9:43  Marine x2, Marauder  
  87  9:45  Marine  
  87  9:49  Marine  
  87  9:51  Marine  
  86  9:53  Marine x2  
  86  9:58  Marine  
  79  10:01  Marine x2  
  79  10:03  Marine  
  79  10:04  Marine  
Show
View Real Time Build Order
Export as new Build Order

Umarlak Protoss - Winner!

Build Orders: Double Forge, Nexus First 

Get SALT Encoding   

  12  0:04  Probe (Chrono Boost)  
  13  0:14  Probe (Chrono Boost)  
  13  0:20  Pylon  
  14  0:25  Probe (Chrono Boost)  
  15  0:38  Probe (Chrono Boost)  
  16  0:49  Probe (Chrono Boost)  
  17  0:59  Nexus  
  17  1:03  Probe (Chrono Boost)  
  18  1:14  Probe (Chrono Boost)  
  19  1:24  Probe (Chrono Boost)  
  20  1:34  Gateway  
  20  1:35  Assimilator, Probe (Chrono Boost)  
  21  1:45  Probe (Chrono Boost)  
  21  1:46  Pylon  
  22  1:56  Probe (Chrono Boost)  
  23  2:07  Probe (Chrono Boost)  
  24  2:19  Probe (Chrono Boost)  
  24  2:21  Probe (Chrono Boost)  
  24  2:22  Cybernetics Core  
  26  2:28  Gateway  
  26  2:30  Gateway  
  26  2:32  Gateway  
  26  2:36  Probe x2 (Chrono Boost)  
  28  2:41  Assimilator  
  28  2:46  Pylon, Probe (Chrono Boost)  
  28  2:50  Probe (Chrono Boost)  
  30  2:59  Mothership Core (Chrono Boost)  
  30  3:01  Adept  
  30  3:03  Probe (Chrono Boost)  
  35  3:13  Warp Gate  
  35  3:14  Probe (Chrono Boost)  
  35  3:17  Pylon  
  35  3:18  Probe (Chrono Boost)  
  37  3:24  Probe (Chrono Boost)  
  38  3:41  Probe x2 (Chrono Boost)  
  40  3:44  Nexus  
  40  3:45  Pylon  
  40  3:53  Twilight Council  
  40  3:54  Forge  
  40  3:58  Probe x2 (Chrono Boost)  
  42  4:05  Forge  
  42  4:07  Assimilator  
  42  4:09  Probe (Chrono Boost)  
  43  4:12  Probe (Chrono Boost)  
  43  4:15  Assimilator  
  43  4:17  Sentry x2  
  48  4:22  Stalker  
  50  4:26  Stalker  
  50  4:28  Probe x2 (Chrono Boost)  
  54  4:36  Gateway  
  55  4:38  Probe x2 (Chrono Boost)  
  55  4:42  Protoss Ground Weapons Level 1 (Chrono Boost)  
  56  4:57  Probe x2 (Chrono Boost)  
  56  4:58  Probe (Chrono Boost)  
  59  5:02  Protoss Ground Armor Level 1 (Chrono Boost)  
  59  5:09  Nexus  
  59  5:12  Probe x2 (Chrono Boost)  
  59  5:13  Probe (Chrono Boost)  
  62  5:17  Charge  
  62  5:31  Stalker x2  
  62  5:32  Stalker  
  62  5:34  Stalker  
  70  5:41  Photon Cannon  
  70  5:42  Probe x2 (Chrono Boost)  
  72  5:43  Probe (Chrono Boost)  
  72  5:49  Photon Cannon  
  73  5:54  Pylon  
  73  5:56  Probe (Chrono Boost)  
  76  5:57  Probe x2 (Chrono Boost)  
  66  6:20  Sentry x2  
  66  6:21  Stalker  
  66  6:22  Stalker  
  66  6:23  Probe x3 (Chrono Boost)  
  66  6:24  Probe (Chrono Boost)  
  78  6:33  Probe  
  78  6:35  Probe x2  
  78  6:36  Gateway  
  78  6:37  Gateway  
  78  6:39  Gateway  
  81  6:44  Robotics Facility  
  81  6:45  Robotics Facility  
  81  6:50  Photon Cannon  
  81  6:51  Pylon  
  81  6:54  Probe  
  82  6:56  Photon Cannon  
  82  6:59  Probe  
  83  7:02  Zealot x3  
  83  7:03  Zealot x2  
  93  7:11  Probe  
  82  7:28  Stalker  
  80  7:30  Stalker x2  
  80  7:31  Stalker  
  80  7:32  Stalker  
  89  7:37  Observer, Warp Prism  
  91  7:44  Assimilator  
  91  7:48  Assimilator  
  91  7:50  Templar Archives  
  89  7:52  Photon Cannon  
  89  7:53  Zealot x4  
  89  7:55  Photon Cannon  
  97  7:59  Assimilator  
  97  8:00  Pylon  
  97  8:01  Pylon  
  97  8:03  Assimilator  
  97  8:05  Photon Cannon  
  97  8:08  Pylon  
  97  8:09  Zealot x2  
  97  8:10  Stalker, Pylon  
  97  8:11  Pylon  
  103  8:27  Protoss Ground Weapons Level 2 (Chrono Boost)  
  101  8:42  Zealot x5  
  101  8:43  Zealot x3  
  101  8:46  Immortal x2  
  119  9:03  Zealot x5  
  119  9:04  Zealot x3  
  133  9:25  Immortal x2  
  133  9:30  Stalker x3  
  145  9:34  Zealot x2  
  145  9:35  Stalker x3  
  146  9:54  Zealot x3  
  146  9:58  Zealot x4  
  153  10:20  Pylon  
  153  10:21  Pylon  
  153  10:23  Pylon  
Tags
 
Add a new tag
Caveats
  • Supply blocks, unpowered buildings, or Contaminate may cause inaccurate times.
  • Supply counts are checked every 10 seconds.